 Dungeon Crawl Stone Soup version 0.26-a0-438-g4b1dca4f87 (webtiles) character file.

Game seed: 2642837409116824913

1318 Morbidden the Magician (level 8, 0/45 HPs)
             Began as a Deep Elf Conjurer on July 26, 2020.
             Was a Priest of Cheibriados.
             Shot with an arrow by a centaur (10 damage)
             ... on level 6 of the Dungeon.
             The game lasted 00:11:55 (5884 turns).

Morbidden the Magician (Deep Elf Conjurer)          Turns: 5884, Time: 00:11:56

Health: 0/45       AC: 12    Str: 16    XL:     8   Next: 33%
Magic:  18/21      EV: 14    Int: 33    God:    Cheibriados [***...]
Gold:   321        SH:  0    Dex: 20    Spells: 18/21 levels left

rFire    + . .     SeeInvis .   n - +1 short sword (venom)
rCold    . . .     Faith    .   (no shield)
rNeg     . . .     Spirit   .   h - +0 ring mail
rPois    .         Reflect  .   u - +2 helmet
rElec    .         Harm     .   (no cloak)
rCorr    +                      (no gloves)
MR       .....                  (no boots)
Stlth    ++........             A - amulet of Skepticism {RegenMP rF+ Str+3 Int+2}
HPRegen  0.15/turn              s - +4 ring of protection
MPRegen  0.42/turn              m - ring of resist corrosion

@: very slow
A: no striking features
a: Bend Time, Temporal Distortion, Renounce Religion


You were on level 6 of the Dungeon.
You worshipped Cheibriados.
Cheibriados was most pleased with you.
You visited 1 branch of the dungeon, and saw 6 of its levels.

You collected 321 gold pieces.

Inventory:

Hand Weapons
 n - a +1 short sword of venom (weapon)
Missiles
 d - 20 poisoned darts (quivered)
 f - 26 arrows
Armour
 h - a +0 ring mail (worn)
 u - a +2 helmet (worn)
Jewellery
 m - a ring of resist corrosion (right hand)
 o - an uncursed ring of see invisible
 s - a +4 ring of protection (left hand)
 w - an uncursed ring of flight
 A - the amulet of Skepticism (around neck) {RegenMP rF+ Str+3 Int+2}
   (You found it on level 5 of the Dungeon)

   [amulet of magic regeneration]

   It increases your magic regeneration.
   It affects your strength (+3).
   It affects your intelligence (+2).
   It protects you from fire.
Wands
 a - a wand of disintegration (18)
Scrolls
 e - a scroll of teleportation
 g - 5 scrolls of immolation
 i - 2 scrolls of identify
 j - 4 scrolls of remove curse
 k - a scroll of amnesia {unknown}
 l - a scroll of blinking {unknown}
 v - a scroll of enchant armour {unknown}
 y - a scroll of enchant weapon {unknown}
Potions
 b - a potion of haste {unknown}
 c - a potion of degeneration {unknown}
 p - a potion of ambrosia {unknown}
 q - 2 potions of curing {unknown}
 r - a potion of brilliance {unknown}
 t - 2 potions of heal wounds {unknown}
 x - a potion of might {unknown}
 z - a potion of flight {unknown}


   Skills:
 * Level 2.3 Fighting
 + Level 1.7 Short Blades
 + Level 1.3 Armour
 * Level 5.2 Dodging
 + Level 3.6 Stealth
 * Level 7.3 Spellcasting
 * Level 7.2 Conjurations
 * Level 3.1 Invocations


You had 18 spell levels left.
You knew the following spells:

 Your Spells              Type           Power        Failure   Level
a - Magic Dart            Conj           ####         1%          1
b - Searing Ray           Conj           ######       1%          2

Your spell library contained the following spells:

 Spells                   Type           Power        Failure   Level
 Conjure Flame            Conj/Fire      #####...     4%          3
 Dazzling Flash           Conj/Hex       #####.       4%          3
 Corona                   Hex            ##.....      7%          1
 Mephitic Cloud           Conj/Pois/Air  ####....     9%          3
 Blink                    Tloc           N/A          11%         2
 Call Imp                 Summ           ##......     11%         2
 Slow                     Hex            ##......     11%         2
 Fulminant Prism          Conj/Hex       #####.....   16%         4
 Iskenderun's Mystic Bla  Conj/Tloc      #####...     16%         4
 Inner Flame              Hex/Fire       ##......     22%         3
 Portal Projectile        Hex/Tloc       ##....       22%         3
 Cause Fear               Hex            ##........   56%         4
 Leda's Liquefaction      Hex/Erth       ##........   56%         4


Dungeon Overview and Level Annotations

Branches:
Dungeon (6/15)             Temple (0/1) D:5

Altars:
Ashenzari
Cheibriados
Elyvilon
Fedhas
Hepliaklqana
Ru
Sif Muna
Yredelemnul
Zin
The Shining One

Annotations:
D:2 1 runed translucent door, Crazy Yiuf
D:3 1 runed translucent door, Elizilla's ghost, amateur FoFi


Message History

The centaur shoots an arrow.
The arrow hits you!
The searing ray hits the centaur!
The centaur is almost dead.
The centaur shoots an arrow.
The arrow hits you but does no damage.
An orc comes into view. It is wielding a +0 hand axe.
A necrophage comes into view.
The centaur shoots an arrow.
The arrow barely misses you.
You hear a shout!
The centaur shoots an arrow.
The arrow closely misses you.
An iguana comes into view.
Unknown command.
Unknown command.
Unknown command.
Unknown command.
Okay, then.
The iguana hisses angrily.
The centaur shoots an arrow.
The arrow hits you!
* * * LOW HITPOINT WARNING * * *
The centaur shoots an arrow.
The arrow hits you!
You die...

#.# ###.###############
## #........).........
..# #.#.##.####.######
#.# # #<#.##.#
#.#######.###.#
#.#.##.#
##..............
#.#.##.#
#...............
#.#.##.##......#.....#.
#.#.##>#...###.#@###.#
#.#.##..... ..#((..c#
#.# #.....
#.....#..)..# #..
...### #$###$# ###.#
... #.


oc# $. .nl #$## #. .. You could see a necrophage, 2 centaurs and an iguana.

Vanquished Creatures
  Duvessa (D:6)
  A sky beast (D:4)
  An ice beast (D:6)
  3 ogres (D:5)
  Dowan (D:6)
  3 scorpions
  2 hounds (D:5)
  2 orc priests
  3 orc wizards
  A centaur skeleton (D:5)
  3 worker ants
  3 gnolls (D:3)
  12 adders
  An ooze (D:4)
  An adder skeleton (D:4)
  5 worms
  A dart slug (D:3)
  A leopard gecko (D:5)
  15 orcs
  6 giant cockroaches
  5 goblins
  9 hobgoblins
  3 jackals (D:1)
  4 quokkas
  9 bats
  5 frilled lizards
  A jackal skeleton (D:4)
  8 kobolds
  A leopard gecko zombie (D:5)
  8 rats
119 creatures vanquished.

Notes
Turn   | Place    | Note
-------+----------+-------------------------------------------
     0 | D:1      | Morbidden the Deep Elf Conjurer began the quest for the
                  | Orb.
     0 | D:1      | Reached XP level 1. HP: 10/10 MP: 6/6
   262 | D:1      | Reached XP level 2. HP: 15/15 MP: 4/8
   509 | D:1      | Reached skill level 5 in Conjurations
   678 | D:2      | Reached XP level 3. HP: 17/19 MP: 0/9
   882 | D:2      | Found a snail-covered altar of Cheibriados.
   946 | D:2      | Became a worshipper of Cheibriados the Contemplative
   984 | D:2      | Learned a level 2 spell: Searing Ray
  1025 | D:2      | Reached XP level 4. HP: 24/24 MP: 4/11
  1707 | D:2      | Found a shattered altar of Ashenzari.
  1707 | D:2      | Found a sacrificial altar of Ru.
  1856 | D:2      | Found a runed translucent door.
  1857 | D:2      | Noticed Crazy Yiuf
  1931 | D:2      | Reached * piety under Cheibriados
  2250 | D:3      | Reached XP level 5. HP: 20/28 MP: 2/13
  2757 | D:3      | Found a blossoming altar of Fedhas.
  2792 | D:3      | Found a runed translucent door.
  2829 | D:3      | Noticed Elizilla's ghost (amateur FoFi)
  3502 | D:3      | Found a basalt altar of Yredelemnul.
  3507 | D:3      | Found a glowing golden altar of the Shining One.
  3509 | D:3      | Noticed an angel
  3559 | D:3      | Reached skill level 1 in Invocations
  3560 | D:3      | Reached ** piety under Cheibriados
  3560 | D:3      | Reached XP level 6. HP: 21/33 MP: 1/15
  3802 | D:4      | Found a hazy altar of Hepliaklqana.
  3851 | D:4      | Reached skill level 1 in Fighting
  3851 | D:4      | Reached skill level 5 in Spellcasting
  4461 | D:5      | Entered Level 5 of the Dungeon
  4461 | D:5      | Noticed a sky beast
  4482 | D:4      | Killed a sky beast
  4482 | D:4      | Reached XP level 7. HP: 13/38 MP: 14/17
  4694 | D:5      | Reached skill level 1 in Short Blades
  4764 | D:5      | Found a white marble altar of Elyvilon.
  4860 | D:5      | Found a shimmering blue altar of Sif Muna.
  5013 | D:5      | Reached *** piety under Cheibriados
  5178 | D:5      | Found a staircase to the Ecumenical Temple.
  5326 | D:5      | Found a glowing silver altar of Zin.
  5427 | D:5      | Got an ancient lead amulet
  5428 | D:5      | Identified the amulet of Skepticism {RegenMP rF+ Str+3
                  | Int+2} (You found it on level 5 of the Dungeon)
  5512 | D:5      | Reached skill level 5 in Dodging
  5512 | D:5      | Reached XP level 8. HP: 44/44 MP: 15/20
  5722 | D:5      | Reached skill level 1 in Armour
  5812 | D:6      | Noticed Duvessa
  5813 | D:6      | Noticed Dowan
  5820 | D:6      | Killed Duvessa
  5821 | D:6      | Killed Dowan
  5884 | D:6      | Shot with an arrow by a centaur

Illustrated notes

Levels and vault maps discovered:
D:1:      zelgadis_glass_arrival_small, layout_basic, serial_bayou_pond_c
D:2:      layout_loops_ring, gammafunk_temple_overflow_elements,
          cheibriados_altar_1, uniq_crazy_yiuf_cottage
D:3:      layout_basic, grunt_temple_overflow_holy_war, fedhas_ov_isle_minmay,
          ebering_ghost_sewer_d
D:4:      layout_basic, kennysheep_mini
D:5:      kennysheep_big_flooded_room, layout_basic,
          nicolae_overflow_hidden_temple, elyvilon_altar_5,
          kennysheep_little_box, minmay_temple_entry_purple_smoke,
          grunt_ministairs_7
D:6:      hangedman_cross_stitches, layout_loops_ring, uniq_duvessa

Skill      XL: |  1  2  3  4  5  6  7  8 |
---------------+-------------------------+-----
Conjurations   | 5 6 7 |  7.2
Spellcasting   | 4 5 6 7 |  7.3
Dodging        | 3 4 5 |  5.2
Invocations    | 1 2 3 |  3.1
Fighting       | 1 2 |  2.3
Stealth        | 3 |  3.6
Short Blades   | 1 |  1.7
Armour         | 1 |  1.3

Action                   |  1- 3 |  4- 6 |  7- 9 || total
-------------------------+-------+-------+-------++-------
Melee: Unarmed           |     6 |       |       ||     6
       Short sword       |       |    38 |    16 ||    54
 Cast: Magic Dart        |    60 |   114 |    46 ||   220
       Searing Ray       |       |    18 |    15 ||    33
  Use: Scroll            |       |     3 |     2 ||     5
 Stab: Sleeping          |       |     1 |       ||     1
Armor: Robe              |     7 |     6 |       ||    13
       Ring mail         |       |    11 |    14 ||    25
Dodge: Dodged            |    32 |    29 |    19 ||    80

Table legend: (Time is in decaauts)
 A = Elapsed time spent in this place.
 B = Non-inter-level travel time spent in this place.
 C = Inter-level travel time spent in this place.
 D = Time resting spent in this place.
 E = Time spent auto-exploring this place.
 F = Levels seen in this place.
 G = Mean time per level.
                   A        B        C        D        E       F      G
               +--------+--------+--------+--------+--------+-----+--------+
         Total |   7080 |   6692 |    388 |    611 |   5313 |   6 | 1180.0 |
       Dungeon |   7080 |   6692 |    388 |    611 |   5313 |   6 | 1180.0 |
               +--------+--------+--------+--------+--------+-----+--------+

Top non-repeatable levels by time:
     D:3: 1866 daAuts
     D:2: 1663 daAuts
     D:5: 1495 daAuts
     D:4: 1137 daAuts
     D:1: 825 daAuts
     D:6: 91 daAuts
